 Dungeon Sprint DCSS version 0.30-a0-989-g0d87f670db (webtiles) character file.

Game seed: 15056692315963479067

4831 DiggyJ the Blocker (level 10, 0/88 HPs)
             Began as a Gnoll Fighter on Apr 3, 2023.
             Was an Initiate of Gozag.
             Slain by a 13-headed hydra (1 damage)
             ... in the Dungeon (Sprint IX: "|||||||||||||||||||||||||||||").
             The game lasted 00:05:44 (1367 turns).

DiggyJ the Blocker (Gnoll Fighter)                  Turns: 1367, Time: 00:05:45

Health: 0/88       AC: 14    Str: 20    XL:     10   Next: 49%
Magic:  23/23      EV: 13    Int:  8    God:    Gozag
Gold:   2268       SH:  7    Dex: 14    Spells: 27/27 levels left

rFire   x . .      SeeInvis +    m - +2 scimitar of the Iron City of Dis {elec, rF- SInv Stlth+}
rCold   . . .      Faith    .    c - +0 buckler
rNeg    . . .      Spirit   .    o - +1 chain mail
rPois   .          Reflect  .    (no helmet)
rElec   .          Rampage  .    n - +0 cloak
rCorr   .          NoTele   +    (no gloves)
Will    .....                    (no boots)
Stlth   ++                       (no amulet)
HPRegen 0.34/turn                p - +2 ring of evasion
MPRegen 0.18/turn                q - +3 ring of strength

@: no status effects
A: fangs 1, strong nose, distributed training
a: Renounce Religion, Potion Petition, Call Merchant, Bribe Branch


You were in the Dungeon.
You worshipped Gozag.
Gozag was most pleased with you.
You visited 1 branch You collected 2268 gold pieces.

Inventory:

Hand Weapons
 a - a +0 long sword
 i - a +0 shortbow
 m - the +2 scimitar of the Iron City of Dis (weapon) {elec, rF- SInv Stlth+}
   (You found it in the Dungeon)

   rF:        It makes you vulnerable to fire.
   SInv:      It lets you see invisible.
   Stlth:     It makes you more stealthy.
Armour
 b - a +0 scale mail
 c - a +0 buckler (worn)
 n - a +0 cloak (worn)
 o - a +1 chain mail (worn)
Jewellery
 p - a +2 ring of evasion (left hand)
 q - a +3 ring of strength (right hand)
Wands
 l - a wand of iceblast (7) (quivered)
 r - a wand of flame (27)
Scrolls
 j - 2 scrolls of blinking
 k - 3 scrolls of amnesia
 u - a scroll of identify
 v - 2 scrolls of enchant armour
Potions
 d - a potion of heal wounds
 e - 4 potions of curing
 g - 2 potions of haste
 h - 4 potions of magic
 s - a potion of mutation


   Skills:
 + Level 11.4 Fighting
 + Level 9.4 Short Blades
 + Level 10.4 Long Blades
 + Level 9.4 Axes
 + Level 9.4 Maces & Flails
 + Level 9.4 Polearms
 + Level 9.4 Staves
 + Level 9.4 Ranged Weapons
 + Level 9.4 Throwing
 + Level 11.4 Armour
 + Level 9.4 Dodging
 + Level 9.4 Stealth
 + Level 11.4 Shields
 + Level 9.4 Unarmed Combat
 + Level 9.4 Spellcasting
 + Level 7.8 Conjurations
 + Level 7.8 Hexes
 + Level 7.8 Summonings
 + Level 7.8 Necromancy
 + Level 7.8 Translocations
 + Level 7.8 Transmutations
 + Level 7.8 Fire Magic
 + Level 7.8 Ice Magic
 + Level 7.8 Air Magic
 + Level 7.8 Earth Magic
 + Level 7.8 Poison Magic
 + Level 10.2 Invocations
 + Level 9.4 Evocations


You had 27 spell levels left.
You didn't know any spells.
Your spell library was empty.

Dungeon Overview and Level Annotations

Branches:
Dungeon (1/1)

Altars:
Cheibriados
Dithmenos
Elyvilon
Fedhas
Gozag
Hepliaklqana
Kikubaaqudgha
Makhleb
Nemelex Xobeh
Okawaru
Qazlal
Ru
Sif Muna
Trog
Uskayaw
Vehumet
Wu Jian
Xom
Yredelemnul
Zin
The Shining One
Jiyva
Lugonu


Innate Abilities, Weirdness & Mutations

You have very sharp teeth.
Your uncanny sense of smell can sniff out nearby items.
Your experience applies equally to all skills.


Message History

You bite the 11-headed hydra.
The 11-headed hydra is almost dead.
The 11-headed hydra bites you but does no damage. x2
The 11-headed hydra closely misses you. x2; The 11-headed hydra bites you.
The 11-headed hydra bites you but does no damage.
You block the 11-headed hydra's attack.
The 11-headed hydra bites you but does no damage.
The 11-headed hydra barely misses you. You block the 11-headed hydra's attack.
The 11-headed hydra bites you but does no damage.
You barely miss the 11-headed hydra. You bite the 11-headed hydra.
The 11-headed hydra is almost dead.
You hack one of the 11-headed hydra's heads off!
The ten-headed hydra grows two more!
You hit the 12-headed hydra. You bite the 12-headed hydra.
The 12-headed hydra is severely wounded.
The 12-headed hydra bites you.
The 12-headed hydra bites you but does no damage.
The 12-headed hydra misses you. The 12-headed hydra barely misses you.
You block the 12-headed hydra's attack.
The 12-headed hydra bites you but does no damage.
The 12-headed hydra bites you.
* * * LOW HITPOINT WARNING * * *
The 12-headed hydra bites you.
* * * LOW HITPOINT WARNING * * *
The 12-headed hydra closely misses you. You block the 12-headed hydra's attack.
The 12-headed hydra bites you!
* * * LOW HITPOINT WARNING * * *
The 12-headed hydra bites you but does no damage.
Unknown command.
You lop one of the 12-headed hydra's heads off!
The 11-headed hydra grows two more!
You slash the 13-headed hydra!
The 13-headed hydra is almost dead.
You block the 13-headed hydra's attack. The 13-headed hydra bites you.
* * * LOW HITPOINT WARNING * * *
The 13-headed hydra bites you but does no damage. x3
The 13-headed hydra bites you!
* * * LOW HITPOINT WARNING * * *
The 13-headed hydra misses you. The 13-headed hydra bites you.
You die...
Your body crumbles into a pile of gold. $$ $ $ $ $$$$$ $$$$$$$$$$$$ $$$$$ ▓▓▓▓▓▓▓▓▓▓▓▓▓▓▓▓ ∆∆∆$ SlDYSl'.........

▓▓▓▓▓▓▓▓▓▓▓▓▓▓▓▓▓▓▓▓▓▓▓▓▓▓▓▓▓▓▓▓▓
................@DS..............
▓▓▓▓▓▓▓▓▓▓▓▓▓▓▓▓▓▓▓▓▓▓▓▓▓▓▓▓▓▓▓▓▓
...'...[..)..'___________________
▓▓▓▓▓▓▓▓▓▓▓▓▓▓▓▓▓▓▓▓▓▓▓▓▓▓▓▓▓▓▓▓▓


You could see a 13-headed hydra and a water moccasin.

Vanquished Creatures
  A hydra (D)
  An ugly thing (D)
  A manticore (D)
  2 cane toads (D)
  A rime drake (D)
  A komodo dragon (D)
  A polar bear (D)
  3 trolls (D)
  A blink frog (D)
  A slime creature (D)
  2 shadows (D)
  A yak (D)
  A basilisk (D)
  A vampire mosquito (D)
  A water moccasin (D)
  A centaur (D)
  A phantom (D)
  A bullfrog (D)
  A killer bee (D)
  2 hounds (D)
  An iguana (D)
  A gnoll (D)
  A goblin (D)
  A quokka (D)
  A frilled lizard (D)
  A kobold (D)
  A rat (D)
32 creatures vanquished.

Notes
Turn   | Place    | Note
-------+----------+-------------------------------------------
     0 | D        | DiggyJ the Gnoll Fighter began the quest for the Orb.
     0 | D        | Reached XP level 1. HP: 23/23 MP: 1/1
    18 | D        | Reached skill level 1 in Invocations
    41 | D        | Noticed an iguana
    41 | D        | Noticed a phantom
    41 | D        | Noticed a hound
    41 | D        | Noticed a hound
    45 | D        | Killed a hound
    46 | D        | Reached skill level 5 in Long Blades
    46 | D        | Reached skill level 1 in Conjurations
    46 | D        | Reached skill level 1 in Hexes
    46 | D        | Reached skill level 1 in Summonings
    46 | D        | Reached skill level 1 in Necromancy
    46 | D        | Reached skill level 1 in Translocations
    46 | D        | Reached skill level 1 in Transmutations
    46 | D        | Reached skill level 1 in Fire Magic
    46 | D        | Reached skill level 1 in Ice Magic
    46 | D        | Reached skill level 1 in Air Magic
    46 | D        | Reached skill level 1 in Earth Magic
    46 | D        | Reached skill level 1 in Poison Magic
    46 | D        | Reached XP level 2. HP: 29/29 MP: 3/5
    46 | D        | Reached XP level 3. HP: 35/35 MP: 3/6
    51 | D        | Reached XP level 4. HP: 43/43 MP: 3/7
    66 | D        | Killed a phantom
    67 | D        | Reached XP level 5. HP: 38/48 MP: 5/10
   240 | D        | Found a snail-covered altar of Cheibriados.
   240 | D        | Found a shadowy altar of Dithmenos.
   240 | D        | Found a white marble altar of Elyvilon.
   240 | D        | Found a blossoming altar of Fedhas.
   240 | D        | Found an opulent altar of Gozag.
   241 | D        | Found a hazy altar of Hepliaklqana.
   242 | D        | Found a viscous altar of Jiyva.
   243 | D        | Found an ancient bone altar of Kikubaaqudgha.
   244 | D        | Found a corrupted altar of Lugonu.
   245 | D        | Found a burning altar of Makhleb.
   246 | D        | Found a sparkling altar of Nemelex Xobeh.
   247 | D        | Found an iron altar of Okawaru.
   248 | D        | Became a worshipper of Gozag Ym Sagoz the Greedy
   249 | D        | Found a stormy altar of Qazlal.
   250 | D        | Found a sacrificial altar of Ru.
   251 | D        | Found a shimmering blue altar of Sif Muna.
   252 | D        | Found a bloodstained altar of Trog.
   253 | D        | Found a hide-covered altar of Uskayaw.
   254 | D        | Found a radiant altar of Vehumet.
   255 | D        | Found an ornate altar of the Wu Jian Council.
   256 | D        | Found a shimmering altar of Xom.
   257 | D        | Found a basalt altar of Yredelemnul.
   258 | D        | Found a glowing silver altar of Zin.
   259 | D        | Found a glowing golden altar of the Shining One.
   275 | D        | Got the +2 scimitar of the Iron City of Dis {elec, rF- SInv
                  | Stlth+}
   304 | D        | Noticed a troll
   304 | D        | Noticed a vampire mosquito
   304 | D        | Noticed a shadow
   304 | D        | Noticed a shadow
   304 | D        | Noticed a centaur
   307 | D        | Killed a centaur
   308 | D        | Reached XP level 6. HP: 56/56 MP: 10/12
   315 | D        | Reached skill level 5 in Invocations
   321 | D        | Killed a shadow
   322 | D        | Reached skill level 5 in Short Blades
   322 | D        | Reached skill level 5 in Axes
   322 | D        | Reached skill level 5 in Maces & Flails
   322 | D        | Reached skill level 5 in Polearms
   322 | D        | Reached skill level 5 in Staves
   322 | D        | Reached skill level 5 in Ranged Weapons
   322 | D        | Reached skill level 5 in Throwing
   322 | D        | Reached skill level 5 in Dodging
   322 | D        | Reached skill level 5 in Stealth
   322 | D        | Reached skill level 5 in Unarmed Combat
   322 | D        | Reached skill level 5 in Spellcasting
   322 | D        | Reached skill level 5 in Evocations
   322 | D        | Reached XP level 7. HP: 63/63 MP: 12/14
   326 | D        | Killed a shadow
   334 | D        | Killed a vampire mosquito
   335 | D        | Reached skill level 5 in Conjurations
   335 | D        | Reached skill level 5 in Hexes
   335 | D        | Reached skill level 5 in Summonings
   335 | D        | Reached skill level 5 in Necromancy
   335 | D        | Reached skill level 5 in Translocations
   335 | D        | Reached skill level 5 in Transmutations
   335 | D        | Reached skill level 5 in Fire Magic
   335 | D        | Reached skill level 5 in Ice Magic
   335 | D        | Reached skill level 5 in Air Magic
   335 | D        | Reached skill level 5 in Earth Magic
   335 | D        | Reached skill level 5 in Poison Magic
   339 | D        | Killed a troll
   340 | D        | Reached XP level 8. HP: 21/71 MP: 14/17
   508 | D        | Noticed a four-headed hydra
   508 | D        | Noticed a troll
   508 | D        | Noticed a white ugly thing
   508 | D        | Noticed a troll
   508 | D        | Noticed a manticore
   508 | D        | Noticed a slime creature
   517 | D        | Killed a slime creature
   522 | D        | Killed a manticore
   526 | D        | Killed a troll
   527 | D        | Reached XP level 9. HP: 36/78 MP: 18/20
   530 | D        | Killed a white ugly thing
   531 | D        | Reached skill level 10 in Fighting
   531 | D        | Reached skill level 10 in Armour
   531 | D        | Reached skill level 10 in Shields
   539 | D        | Killed a nine-headed hydra
   542 | D        | Killed a troll
   772 | D        | Noticed a cane toad
   772 | D        | Noticed a rime drake
   772 | D        | Noticed a cane toad
   772 | D        | Noticed a polar bear
   782 | D        | Killed a polar bear
   785 | D        | Noticed a komodo dragon
   791 | D        | Killed a cane toad
   792 | D        | Reached XP level 10. HP: 48/86 MP: 22/22
   795 | D        | Reached skill level 10 in Long Blades
   802 | D        | Killed a cane toad
   809 | D        | Reached skill level 10 in Invocations
  1003 | D        | Noticed a five-headed hydra
  1003 | D        | Noticed an elephant
  1003 | D        | Noticed a seven-headed hydra
  1007 | D        | Noticed a black mamba
  1016 | D        | HP: 2/88 [eight-headed hydra (5)]
  1367 | D        | HP: 1/88 [13-headed hydra (7)]
  1367 | D        | Slain by a 13-headed hydra

Illustrated notes

Levels and vault maps discovered:
D:        linesprint [early_d, line_temple, items_1, d_10, items_2, lair_1,
          lair_end, items_3, orc_1, orc_end, items_4, d_15, swamp_1, shoals_1,
          snake_1, spider_1, d_20, vaults_1, items_5, swamp_end, shoals_end,
          snake_end, spider_end, vaults_end, d_27, items_6, zot_1, zot_end,
          crypt_end, forest_end, elf_end, slime_end, tomb_end, abyss_end,
          pan_hell_end]

Skill      XL: |  1  2  3  4  5  6  7  8  9 10 |
---------------+-------------------------------+-----
Invocations    | 2 4 5 7 8 9 10 | 10.2
Short Blades   | 2 3 4 5 6 7 8 9 |  9.4
Long Blades    | 5 6 7 8 9 10 | 10.4
Axes           | 2 3 4 5 6 7 8 9 |  9.4
Maces & Flails | 2 3 4 5 6 7 8 9 |  9.4
Polearms       | 2 3 4 5 6 7 8 9 |  9.4
Staves         | 2 3 4 5 6 7 8 9 |  9.4
Ranged Weapons | 2 3 4 5 6 7 8 9 |  9.4
Throwing       | 2 3 4 5 6 7 8 9 |  9.4
Dodging        | 2 3 4 5 6 7 8 9 |  9.4
Stealth        | 2 3 4 5 6 7 8 9 |  9.4
Unarmed Combat | 2 3 4 5 6 7 8 9 |  9.4
Spellcasting   | 2 3 4 5 6 7 8 9 |  9.4
Conjurations   | 1 2 3 4 5 6 7 |  7.8
Hexes          | 1 2 3 4 5 6 7 |  7.8
Summonings     | 1 2 3 4 5 6 7 |  7.8
Necromancy     | 1 2 3 4 5 6 7 |  7.8
Translocations | 1 2 3 4 5 6 7 |  7.8
Transmutations | 1 2 3 4 5 6 7 |  7.8
Fire Magic     | 1 2 3 4 5 6 7 |  7.8
Ice Magic      | 1 2 3 4 5 6 7 |  7.8
Air Magic      | 1 2 3 4 5 6 7 |  7.8
Earth Magic    | 1 2 3 4 5 6 7 |  7.8
Poison Magic   | 1 2 3 4 5 6 7 |  7.8
Evocations     | 2 3 4 5 6 7 8 9 |  9.4
Fighting       | 7 8 9 10 11 | 11.4
Armour         | 7 8 9 10 11 | 11.4
Shields        | 7 8 9 10 11 | 11.4

Action                     |  1- 3 |  4- 6 |  7- 9 | 10-12 || total
---------------------------+-------+-------+-------+-------++-------
  Melee: Long sword        |    23 |    19 |       |       ||    42
         Bite              |       |     1 |     7 |    11 ||    19
         Scimitar          |       |    15 |    65 |    37 ||   117
         Punch             |       |       |       |     1 ||     1
   Fire: Shortbow          |       |       |       |     3 ||     3
  Evoke: Wand              |       |       |       |     3 ||     3
    Use: Potion            |     1 |     1 |     6 |     2 ||    10
         Scroll            |       |       |       |     3 ||     3
   Stab: Invisible         |       |     3 |       |       ||     3
         Distracted        |       |       |     1 |     2 ||     3
 Armour: Scale mail        |     6 |     5 |       |       ||    11
         Chain mail        |       |    10 |    27 |    69 ||   106
  Dodge: Dodged            |     6 |    20 |    48 |    29 ||   103
  Block: Buckler           |     5 |    16 |    40 |    18 ||    79

Table legend: (Time is in decaauts)
 A = Elapsed time spent in this place.
 B = Non-inter-level travel time spent in this place.
 C = Inter-level travel time spent in this place.
 D = Time resting spent in this place.
 E = Time spent auto-exploring this place.
 F = Levels seen in this place.
 G = Mean time per level.
                   A        B        C        D        E       F      G
               +--------+--------+--------+--------+--------+-----+--------+
         Total |   1378 |   1378 |      0 |    663 |     31 |   1 | 1378.0 |
       Dungeon |   1378 |   1378 |      0 |    663 |     31 |   1 | 1378.0 |
               +--------+--------+--------+--------+--------+-----+--------+

Top non-repeatable levels by time:
       D: 1378 daAuts
